 Dungeon Crawl Stone Soup version 0.27-a0-562-g0d39f094a4 (webtiles) character file.

Game seed: 15550763333839851593

31 porpoise the Skirmisher (level 3, -3/24 HPs)
             Began as a Gargoyle Wanderer on Mar 8, 2021.
             Slain by a worm (4 damage)
             ... on level 2 of the Dungeon.
             The game lasted 00:03:28 (1482 turns).

porpoise the Skirmisher (Gargoyle Wanderer)         Turns: 1482, Time: 00:03:29

Health: -3/24      AC:  5    Str: 18    XL:     3   Next: 22%
Magic:  6/6        EV: 11    Int: 12    God:
Gold:   32         SH:  0    Dex:  7    Spells: 5/6 levels left

rFire    . . .     SeeInvis .   a - +2 dagger
rCold    . . .     Faith    .   (no shield)
rNeg     + . .     Spirit   .   e - +0 robe
rPois    ∞         Reflect  .   (no helmet)
rElec    +         Harm     .   (no cloak)
rCorr    +         Rampage  .   (no gloves)
Will     .....                  (no boots)
Stlth    ++........             (no amulet)
HPRegen  0.08/turn              c - ring of resist corrosion
MPRegen  0.10/turn              (no ring)

@: no status effects
A: negative energy resistance 1, electricity resistance, torment resistance 1,
unbreathing 1, petrification resistance, AC +3
a: no special abilities


You were on level 2 of the Dungeon.
You visited 1 branch of the dungeon, and saw 2 of its levels.

You collected 32 gold pieces.

Inventory:

Hand Weapons
 a - a +2 dagger (weapon)
 w - a +0 mace
Missiles
 g - 42 stones
 j - 23 sling bullets
Armour
 e - a +0 robe (worn)
Jewellery
 c - a ring of resist corrosion (left hand)
Scrolls
 f - 2 scrolls of identify {unknown}
 h - a scroll of random uselessness {unknown}
 i - a scroll of amnesia {unknown}
 k - a scroll of noise {unknown}
Potions
 b - a potion of haste
 d - a potion of lignification


   Skills:
 * Level 4.3 Fighting
 + Level 1.3 Maces & Flails
 - Level 2.1 Stealth
 - Level 1.1 Shields
 - Level 1.0 Unarmed Combat
 - Level 2.0 Spellcasting
 - Level 1.0 Translocations


You had 5 spell levels left.
You knew the following spells:

 Your Spells              Type           Power      Damage    Failure   Level
a - Corona                Hex            1%         N/A       26%         1

Your spell library contained the following spells:

 Spells                   Type           Power      Damage    Failure   Level
 Confusing Touch          Hex            1%         N/A       63%         3


Dungeon Overview and Level Annotations

Branches:
Dungeon (2/15)

Altars:


Innate Abilities, Weirdness & Mutations

Your stone body is resilient. (AC +3)
You are immune to poison.
You resist negative energy. (rN+)
You are resistant to electric shocks. (rElec)
You are resistant to unholy torment.
You can survive without breathing.
You are immune to petrification.


Message History

You see here a worm corpse.
k - a scroll labelled RIUGGI ANUWNI A worm comes into view.
Found a scroll labelled CUUDEB JIFOACH.
Found 5 gold pieces.
The helpless worm fails to defend itself.
You puncture the worm!
The worm is heavily wounded.
The worm barely misses you.
You hit the worm but do no damage.
The worm is moderately wounded.
The worm bites you.
You hit the worm.
The worm is moderately wounded.
You hit the worm but do no damage.
The worm is moderately wounded.
The worm bites you but does no damage.
You hit the worm.
The worm is heavily wounded.
You hit the worm.
The worm is heavily wounded.
The worm bites you!
You completely miss the worm.
The worm is heavily wounded.
The worm barely misses you.
You barely miss the worm.
The worm is heavily wounded.
You hit the worm.
The worm is severely wounded.
The worm bites you.
You barely miss the worm.
The worm is severely wounded.
You hit the worm.
The worm is almost dead.
The worm bites you!
* * * LOW HITPOINT WARNING * * *
You hit the worm.
The worm is almost dead.
The worm bites you.
You die...

#.......#
##.....## #####
#..<.##
#...######.#.##
#.#........#.#
#...########.#
#............#
#..###########
#.@# #w.# #..#
...# ###.# #.#
#.# .$#


You could see a worm.

Vanquished Creatures
  A worm (D:2)
  2 dart slugs (D:1)
  A giant cockroach (D:1)
  2 goblins (D:1)
  4 hobgoblins (D:1)
  5 bats (D:1)
  3 frilled lizards (D:1)
  4 kobolds (D:1)
  3 rats (D:1)
25 creatures vanquished.

Notes
Turn   | Place    | Note
-------+----------+-------------------------------------------
     0 | D:1      | porpoise the Gargoyle Wanderer began the quest for the Orb.
     0 | D:1      | porpoise set off with the following items: a +2 dagger, a
                  | potion of haste, a potion of lignification, a +0 robe; and
                  | the following spell memorised: Corona; and the following
                  | spells available to memorise: Confusing Touch
     0 | D:1      | Reached XP level 1. HP: 14/14 MP: 3/3
   415 | D:1      | Reached XP level 2. HP: 19/20 MP: 5/5
   587 | D:1      | Reached skill level 1 in Maces & Flails
   594 | D:1      | Reached skill level 4 in Fighting
   997 | D:1      | Reached XP level 3. HP: 24/24 MP: 6/6
  1481 | D:2      | HP: 1/24 [worm (8)]
  1482 | D:2      | Slain by a worm

Illustrated notes

Levels and vault maps discovered:
D:1:      scummos_arrival_simple_fountains, layout_basic
D:2:      layout_loops_ring, marbit_many_paths, elyvilon_altar_1

Skill      XL: |  1  2 |
---------------+-------+-----
Maces & Flails | 1 |  1.3
Fighting       | 4 |  4.3
Stealth        | |  2.1
Shields        | |  1.1
Unarmed Combat | |  1.0
Spellcasting   | |  2.0
Translocations | |  1.0

Action                   || total
-------------------------++-------
Melee: Dagger            ||   100
       Punch             ||     1
 Stab: Sleeping          ||     2
Armor: Robe              ||    38
Dodge: Dodged            ||    62

Table legend: (Time is in decaauts)
 A = Elapsed time spent in this place.
 B = Non-inter-level travel time spent in this place.
 C = Inter-level travel time spent in this place.
 D = Time resting spent in this place.
 E = Time spent auto-exploring this place.
 F = Levels seen in this place.
 G = Mean time per level.
                   A        B        C        D        E       F      G
               +--------+--------+--------+--------+--------+-----+--------+
         Total |   1480 |   1446 |     34 |    756 |    458 |   2 |  740.0 |
       Dungeon |   1480 |   1446 |     34 |    756 |    458 |   2 |  740.0 |
               +--------+--------+--------+--------+--------+-----+--------+

Top non-repeatable levels by time:
     D:1: 1260 daAuts
     D:2: 219 daAuts
